 Dungeon Crawl Stone Soup version 0.32-a0-953-g508020473e (webtiles) character file.

Game seed: 11757593927594517028

1663 javelincjr the Fighter (level 8, -1/78 HPs)
             Began as a Minotaur Berserker on Apr 16, 2024.
             Was a Priest of Trog.
             Slain by a gnoll sergeant
             ... wielding a +4 spear of venom
              (2 damage)
             ... on level 7 of the Dungeon.
             The game lasted 00:20:07 (5961 turns).

javelincjr the Fighter (Minotaur Berserker)         Turns: 5961, Time: 00:20:08

Health: -1/78      AC: 10    Str: 22      XL:     8   Next: 69%
Magic:  16/16      EV:  8    Int:  6      God:    Trog [***...]
Gold:   279        SH:  4    Dex:  9 (10) Spells: 7/7 levels left

rFire   . . .        B - +6 dagger
rCold   . . .        G - +1 buckler
rNeg    . . .        I - +0 chain mail
rPois   .            (helmet restricted)
rElec   .            (no cloak)
rCorr   .            (no gloves)
SInv    .            (no boots)
Will    .....        (no amulet) Stlth
                     d - ring of flight
HPRegen 0.33/turn    z - ring of magical power
MPRegen 0.15/turn

%: no passive effects
@: mighty, brilliant, lethally poisoned (-1 -> -5), on berserk cooldown, flying,
slowed, very slow
A: horns 2, retaliatory headbutt
a: Renounce Religion, Berserk, Trog's Hand


You were on level 7 of the Dungeon.
You worshipped Trog.
Trog was most pleased with you.
You visited 1 branch of the dungeon, and saw 7 of its levels.

You collected 279 gold pieces.

Inventory:

Hand Weapons
 a - a +0 hand axe
 e - a +1 whip of flaming
 v - a +2 dagger of pain
 B - a +6 dagger (weapon)
 C - a +0 war axe
Missiles
 k - 3 javelins
 y - 3 poisoned darts (quivered)
 K - a boomerang
Armour
 b - a +0 animal skin
 i - a +0 ring mail
 m - a +0 plate armour
 D - a +2 robe of willpower
 G - a +1 buckler (worn)
 I - a +0 chain mail (worn)
Jewellery
 d - a ring of flight (left hand)
 g - a ring of resist corrosion
 z - a ring of magical power (right hand)
 J - a +4 ring of protection
Talismans
 r - a serpent talisman
Scrolls
 f - a scroll of vulnerability {unknown}
 j - a scroll of fog
 n - 3 scrolls of blinking
 q - a scroll of enchant weapon
 s - a scroll of poison
 t - a scroll of butterflies
 u - 3 scrolls of fear
 A - a scroll of teleportation
 F - a scroll of enchant armour
Potions
 h - 3 potions of enlightenment
 p - 2 potions of cancellation
 x - 2 potions of attraction {unknown}
Miscellaneous
 H - a Gell's gravitambourine (1/2)


   Skills:
 * Level 9.2 Fighting
 + Level 7.0 Axes
 + Level 6.3 Armour
 + Level 5.8 Dodging


You had 7 spell levels left.
You didn't know any spells.
Your spell library was empty.

Dungeon Overview and Level Annotations

Branches:
Dungeon (7/15)             Temple (0/1) D:6

Altars:
Fedhas
Trog
Vehumet
The Shining One

Shops:
D:4 !


Innate Abilities, Weirdness & Mutations

You have a pair of horns on your head.
You reflexively headbutt those who attack you in melee.


Message History

The gnoll sergeant barely misses you.
You hit the gnoll sergeant.
The gnoll sergeant is moderately wounded.
You feel very sick.
The gnoll sergeant hits you but does no damage.
You are lethally poisoned!
You block the gnoll sergeant's attack.
You hit the gnoll sergeant.
The gnoll sergeant is moderately wounded.
* * * LOW HITPOINT WARNING * * *
You feel very sick. The gnoll sergeant closely misses you.
You feel much better.
You feel very sick.
The gnoll sergeant hits you with a +4 spear of venom.
You are more poisoned.
The gnoll sergeant hits you with a +4 spear of venom.
You are lethally poisoned!
Aiming: Gell's Gravitas
Press: ? - help, Q - select action, (/) - cycle Dir - move target You rattle the tambourine.
Waves of gravity draw inward.
The gnoll sergeant is pinned by gravity.
* * * LOW HITPOINT WARNING * * *
You feel extremely sick.
* * * LOW HITPOINT WARNING * * *
You feel very sick.
It was a potion of might.
You feel very mighty all of a sudden.
* * * LOW HITPOINT WARNING * * *
You feel very sick.
It was a potion of brilliance.
You feel clever all of a sudden.
* * * LOW HITPOINT WARNING * * *
You feel very sick.
It was a potion of berserk rage.
You're still recovering from your berserk rage.
* * * LOW HITPOINT WARNING * * *
You feel very sick.
The gnoll sergeant hits you from afar with a +4 spear of venom.
You die...

#..................#
#..................#
#..................#
..............#
..........(...#
.....)........#
...........)..#
..........)...#
........)@$...#
..............#
.........g....#
.............#
............#
............#
............#
............#
............#


You could see a gnoll sergeant.

Vanquished Creatures
  Duvessa (D:6)
  An ice beast (D:5)
  2 black bears
  A sky beast (D:6)
  A phantom (D:4)
  4 scorpions
  4 wights (D:4)
  Dowan (D:6)
  A howler monkey (D:5)
  A gnoll bouda (D:5)
  2 orc priests (D:5)
  A sleepcap (D:4)
  4 hounds
  2 iguanas
  12 adders
  8 gnolls
  A white imp (D:6)
  2 ufetubi (D:5)
  A ribbon worm (D:4)
  9 orcs
  6 endoplasms
  2 giant cockroaches
  6 hobgoblins
  10 jackals (D:3)
  8 kobolds
  9 quokkas
  4 ball pythons
  4 bats
  2 frilled lizards (D:1)
  12 goblins
  6 rats
128 creatures vanquished.

Notes
Turn   | Place    | Note
-------+----------+-------------------------------------------
     0 | D:1      | javelincjr the Minotaur Berserker began the quest for the
                  | Orb.
     0 | D:1      | Reached XP level 1. HP: 19/19 MP: 0/0
    21 | D:1      | You fall into a shaft and drop 1 floor!
    40 | D:2      | Reached skill level 4 in Fighting
    40 | D:2      | Reached XP level 2. HP: 19/27 MP: 1/1
   299 | D:2      | Reached XP level 3. HP: 10/33 MP: 2/2
   830 | D:3      | Reached ** piety under Trog
  1000 | D:3      | Reached XP level 4. HP: 41/41 MP: 3/3
  1161 | D:3      | Found a blossoming altar of Fedhas.
  1213 | D:3      | Found a bloodstained altar of Trog.
  1321 | D:3      | Reached skill level 5 in Fighting
  2091 | D:4      | Reached XP level 5. HP: 31/48 MP: 4/4
  2121 | D:4      | Noticed a phantom
  2187 | D:4      | Killed a phantom
  2226 | D:4      | Reached XP level 6. HP: 49/57 MP: 5/5
  2291 | D:4      | Found Ledwisik's Distillery.
  2430 | D:4      | Reached skill level 6 in Fighting
  2430 | D:4      | Reached skill level 5 in Axes
  2595 | D:4      | Reached *** piety under Trog
  3202 | D:5      | Entered Level 5 of the Dungeon
  3206 | D:5      | Found a glowing golden altar of the Shining One.
  3262 | D:5      | Noticed an ice beast
  3275 | D:5      | Killed an ice beast
  3276 | D:5      | Reached XP level 7. HP: 64/64 MP: 6/6
  3356 | D:5      | Reached skill level 7 in Fighting
  3362 | D:5      | Reached skill level 5 in Armour
  3524 | D:5      | Found a radiant altar of Vehumet.
  4307 | D:6      | Noticed Duvessa
  4307 | D:6      | Noticed Dowan
  4314 | D:6      | Killed Dowan
  4315 | D:6      | Reached skill level 5 in Dodging
  4315 | D:6      | Reached XP level 8. HP: 74/74 MP: 7/7
  4320 | D:6      | Killed Duvessa
  4321 | D:6      | Reached skill level 8 in Fighting
  5347 | D:6      | Found a staircase to the Ecumenical Temple.
  5551 | D:6      | Reached skill level 9 in Fighting
  5960 | D:7      | HP: 3/78 [poisoned by a gnoll sergeant]
  5961 | D:7      | HP: 1/78 [poisoned by a gnoll sergeant]
  5961 | D:7      | Slain by a gnoll sergeant

Illustrated notes

Levels and vault maps discovered:
D:1:      dpeg_arrival_castle, layout_loops_ring, st_stairs_14,
          minmay_misc_feat_encased
D:2:      layout_loops_ring
D:3:      layout_basic, overflow_temple_1_default,
          mainiacjoe_overflow_cross_hatched, chequers_avenue,
          grunt_ministairs_10, minivault_4
D:4:      layout_basic, serial_shops, shop
D:5:      minmay_clustersquares, layout_loops_ring, nicolae_vehumet_altar_sigil,
          mainiacjoe_overflow_brackets
D:6:      layout_gridville, minmay_temple_entry_tees, uniq_duvessa
D:7:      layout_gridville, uniq_jeremiah

Skill      XL: |  1  2  3  4  5  6  7  8 |
---------------+-------------------------+-----
Fighting       | 4 5 6 7 9 |  9.2
Axes           | 4 5 6 7 |  7.0
Armour         | 3 4 5 6 |  6.3
Dodging        | 3 4 5 |  5.8

Action                     |  1- 3 |  4- 6 |  7- 9 || total
---------------------------+-------+-------+-------++-------
  Melee: Hand axe          |    72 |    72 |       ||   144
         Headbutt          |    12 |    21 |    28 ||    61
         Dagger            |       |    66 |   190 ||   256
 Invoke: Berserk           |       |     4 |     5 ||     9
  Evoke: Gell's gravitambo |       |       |     1 ||     1
    Use: Scroll            |       |       |    13 ||    13
         Potion            |       |       |     6 ||     6
 Armour: Animal skin       |    19 |       |       ||    19
         Ring mail         |    16 |    83 |    30 ||   129
         Chain mail        |       |       |   145 ||   145
  Dodge: Dodged            |    35 |    63 |    78 ||   176
  Block: Buckler           |       |     3 |    33 ||    36

Table legend: (Time is in decaauts)
 A = Elapsed time spent in this place.
 B = Non-inter-level travel time spent in this place.
 C = Inter-level travel time spent in this place.
 D = Time resting spent in this place.
 E = Time spent auto-exploring this place.
 F = Levels seen in this place.
 G = Mean time per level.
                   A        B        C        D        E       F      G
               +--------+--------+--------+--------+--------+-----+--------+
         Total |   6042 |   5760 |    282 |    510 |   4176 |   7 |  863.1 |
       Dungeon |   6042 |   5760 |    282 |    510 |   4176 |   7 |  863.1 |
               +--------+--------+--------+--------+--------+-----+--------+

Top non-repeatable levels by time:
     D:6: 1388 daAuts
     D:5: 1331 daAuts
     D:4: 1061 daAuts
     D:2: 789 daAuts
     D:3: 745 daAuts
     D:1: 647 daAuts
     D:7: 79 daAuts
